 Dungeon Crawl Stone Soup version 0.31.0-9-g3a7656b989 (webtiles) character file.

Game seed: 16016355809883978099

20 qw the Shooter (level 2, 0/16 HPs)
             Began as a Deep Elf Hunter on Feb 2, 2024.
             Slain by an adder (3 damage)
             ... on level 2 of the Dungeon.
             The game lasted 00:00:02 (1027 turns).

qw the Shooter (Deep Elf Hunter)                    Turns: 1027, Time: 00:00:02

Health: 0/16       AC:  6    Str:  8    XL:     2   Next: 58%
Magic:  4/4        EV:  8    Int: 13    God:
Gold:   81         SH:  0    Dex: 18    Spells: 1/1 levels left

rFire   . . .        a - +0 shortbow
rCold   . . .        (shield currently unavailable)
rNeg    . . .        d - +0 scale mail
rPois   .            (no helmet)
rElec   .            (no cloak)
rCorr   .            (no gloves)
SInv    .            (no boots)
Will    .....        (no amulet)
Stlth   +            (no ring)
HPRegen 0.22/turn    (no ring)
MPRegen 0.09/turn

%: no passive effects
@: lethally poisoned (0 -> -4)
A: no striking features
a: no special abilities


You were on level 2 of the Dungeon.
You visited 1 branch of the dungeon, and saw 2 of its levels.

You collected 81 gold pieces.


   Skills:
 - Level 1.5 Fighting
 + Level 6.3 Ranged Weapons
 - Level 2.4 Dodging
 - Level 1.2 Stealth


You had one spell level left.
You didn't know any spells.
Your spell library was empty.

Inventory:

Hand Weapons
 a - a +0 shortbow (weapon)
Armour
 c - a scarf of resistance
 d - a +0 scale mail (worn)
Scrolls
 b - a scroll of identify {unknown}
Potions
 h - a potion of enlightenment {unknown}
 i - a potion of might {unknown}
 k - a potion of lignification {unknown}

Dungeon Overview and Level Annotations

Branches:
Dungeon (2/15)

Altars:


Message History

You shoot an arrow. The arrow hits the ball python.
You kill the ball python!
You see here a +0 dagger.
Found a stone staircase leading down.
A goblin comes into view. It is wielding a +0 dagger.
The goblin shouts!
The goblin moves out of view.
An adder comes into view.
The adder hisses angrily.
You shoot an arrow.
The arrow hits the adder but does no damage.
The adder barely misses you. The adder bites you but does no damage.
You shoot an arrow. The arrow hits the adder.
The adder is moderately wounded.
The adder bites you but does no damage. The adder bites you.
You are poisoned.
The adder poisons you!
You shoot an arrow. The arrow barely misses the adder.
You feel sick. The adder barely misses you.
The goblin hits you but does no damage.
You shoot an arrow. The arrow hits the adder.
The adder is heavily wounded.
You feel sick. The adder barely misses you.
The goblin hits you with a +0 dagger. The adder barely misses you.
You shoot an arrow. The arrow misses the adder.
You feel sick. The adder closely misses you. The goblin barely misses you.
The adder bites you but does no damage. The goblin closely misses you.
You shoot an arrow. The arrow completely misses the adder.
You feel sick.
You are no longer poisoned.
The adder barely misses you. The goblin hits you with a +0 dagger.
The adder bites you.
You are lethally poisoned!
The adder poisons you!
You shoot an arrow. The arrow hits the adder.
The adder is severely wounded.
You feel very sick. The adder bites you but does no damage.
The goblin hits you with a +0 dagger. The adder bites you.
You die...

############# .
######............
#.###......##########.
....%..###)###### #.
####....##......## #.
#.................. #.
#..####.##......### #.
###..>.......###### #.
.......@#.##.##########.
##.#.#gS####.......[....
#..... #####.###.###
####..# #.......# #..#
########.#.# #...
|........... ...#
########.#.. #### #....
###.)


You could see an adder and a goblin.

Vanquished Creatures
  A dart slug (D:2)
  An endoplasm (D:1)
  2 goblins
  A hobgoblin (D:1)
  A quokka (D:1)
  3 ball pythons
  4 bats
  2 kobolds (D:1)
  2 rats (D:1)
17 creatures vanquished.

Notes
Turn   | Place    | Note
-------+----------+-------------------------------------------
     0 | D:1      | qw the Deep Elf Hunter began the quest for the Orb.
     0 | D:1      | Reached XP level 1. HP: 12/12 MP: 3/3
     0 | D:1      | 0 ||| qw: Version: 0.3-a-155-g5e7d8dd
     0 | D:1      | 0 ||| qw: Game counter: 1981
     0 | D:1      | 0 ||| qw: Melee chars always use a shield: true
     0 | D:1      | 0 ||| qw: God list: Okawaru
     0 | D:1      | 0 ||| qw: Allow faded altars: false
     0 | D:1      | 0 ||| qw: Do Orc after clearing Dungeon:15 true
     0 | D:1      | 0 ||| qw: Do second Lair branch before Depths: true
     0 | D:1      | 0 ||| qw: Lair rune preference: random
     0 | D:1      | 0 ||| qw: Goals: Normal
     0 | D:1      | 0 ||| PLANNING D:1-11
   373 | D:1      | Reached XP level 2. HP: 16/16 MP: 4/4
   420 | D:1      | Reached skill level 6 in Ranged Weapons
   545 | D:1      | Found a faded altar of an unknown god.
   800 | D:1      | 800 ||| UPGRADING to +0 scale mail.
   810 | D:1      | 810 ||| DROPPING +0 leather armour.
   811 | D:1      | 811 ||| DROPPING scarf of shadows.
   812 | D:1      | 812 ||| READING scroll labelled TERPHI VAOQ.
   813 | D:1      | 813 ||| READING scroll labelled XIHOPA XATO.
   816 | D:1      | 816 ||| READING 2 scrolls labelled DOCKOMYEZA.
   817 | D:1      | 817 ||| DROPPING scroll of butterflies.
   818 | D:1      | 818 ||| DROPPING scroll of fear.
  1027 | D:2      | HP: 4/16 [poisoned by an adder]
  1027 | D:2      | Slain by an adder

Levels and vault maps discovered:
D:1:      dpeg_arrival_pits, layout_loops_corners,
          chequers_ecumenical_altar_island
D:2:      layout_basic, hangedman_decor_riveting, chequers_jeans

Skill      XL: |  1  2 |
---------------+-------+-----
Ranged Weapons | 6 |  6.3
Fighting       | |  1.5
Dodging        | |  2.4
Stealth        | |  1.2

Action                     || total
---------------------------++-------
   Fire: Shortbow          ||    38
    Use: Scroll            ||     3
 Armour: Scale mail        ||    14
  Dodge: Dodged            ||     9

Table legend:
 A = Non-vault XP
 B = Vault XP
 C = Vault XP percentage of total XP
 D = Non-vault monster count
 E = Vault monster count
 F = Vault count percentage of total count
                 A         B        C        D         E       F
            +---------+---------+-------+---------+---------+-------
      Total |      29 |       0 |   0.0 |      17 |       0 |   0.0
            +---------+---------+-------+---------+---------+-------
        D:1 |      20 |       0 |   0.0 |      13 |       0 |   0.0
        D:2 |       9 |       0 |   0.0 |       4 |       0 |   0.0
            +---------+---------+-------+---------+---------+-------
